 Dungeon Crawl Stone Soup version 0.25.1-2-g60ff931df9 (webtiles) character file.

Game seed: 12101938718391174596

51 IcyTea the Cudgeler (level 3, 0/27 HPs)
             Began as a Demonspawn Warper on Aug 19, 2020.
             Succumbed to an adder's poison
             ... on level 3 of the Dungeon.
             The game lasted 00:08:23 (2429 turns).

IcyTea the Cudgeler (Demonspawn Warper)             Turns: 2429, Time: 00:08:23

Health: 0/27       AC:  6    Str: 11    XL:     3   Next: 58%
Magic:  6/6        EV:  9    Int: 15    God:
Gold:   79         SH:  0    Dex: 12    Spells: 2/6 levels left

rFire    . . .     SeeInvis .   a - +1 mace
rCold    . . .     Gourm    .   (no shield)
rNeg     . . .     Faith    .   h - +0 scale mail
rPois    .         Spirit   .   (helmet restricted)
rElec    .         Reflect  .   (no cloak)
rCorr    .         Harm     .   (no gloves)
MR       .....                  (no boots)
Stlth    ..........             (no amulet)
HPRegen  0.09/turn              (no ring)
MPRegen  0.10/turn              (no ring)

@: lethally poisoned (0 -> -11)
A: antennae 1, rot immunity
a: no special abilities


You were on level 3 of the Dungeon.
You were not hungry.

You visited 1 branch of the dungeon, and saw 3 of its levels.

You collected 79 gold pieces.

Inventory:

Hand Weapons
 a - a +1 mace (weapon)
Missiles
 e - 5 boomerangs of dispersal (quivered)
Armour
 h - a +0 scale mail (worn)
Scrolls
 d - 2 scrolls of blinking
 g - a scroll of identify {unknown}
 i - a scroll of fog {unknown}
 k - a scroll of amnesia {unknown}
Comestibles
 f - a ration
 j - 3 chunks of flesh


   Skills:
 - Level 2.0 Fighting
 + Level 3.6 Maces & Flails
 - Level 0.8 Throwing
 - Level 0.8 Armour
 - Level 1.7 Dodging
 - Level 2.0 Spellcasting
 - Level 2.6 Translocations


You had 2 spell levels left.
You knew the following spells:

 Your Spells              Type           Power        Failure   Level  Hunger
a - Blink                 Tloc           N/A          56%         2    ###....
b - Shroud of Golubria    Chrm/Tloc      #.....       75%         2    ###....

Your spell library contained the following spells:

 Spells                   Type           Power        Failure   Level  Hunger
 Gell's Gravitas          Tloc           #.........   80%         3    ###....
 Lesser Beckoning         Tloc           #.........   80%         3    ###....
 Teleport Other           Tloc           #.......     80%         3    ###....
 Passage of Golubria      Tloc           N/A          99%         4    #####..


Dungeon Overview and Level Annotations

Branches:
Dungeon (3/15)

Altars:


Innate Abilities, Weirdness & Mutations

You have a pair of small antennae on your head.
You are immune to rotting.


Message History

The adder is almost dead.
* * * LOW HITPOINT WARNING * * *
You feel sick. The adder bites you.
* * * LOW HITPOINT WARNING * * *
You are more poisoned.
The adder poisons you!
You aren't carrying any potions.
As you read the scroll labeled FUCZAI WUICW, it crumbles to dust.
You feel blessed for a moment.
It was a scroll of remove curse.
* * * LOW HITPOINT WARNING * * *
You feel sick. The adder misses you. The adder closely misses you.
As you read the scroll labeled NATWIE GEGINK, it crumbles to dust.
It is a scroll of enchant weapon.
Your +0 mace glows red for a moment.
* * * LOW HITPOINT WARNING * * *
You feel sick. The adder bites you.
* * * LOW HITPOINT WARNING * * *
You barely miss the adder.
The adder is almost dead.
You die...

.#.##
#...
....
...
..#
#.#
#S#
#@#
#.#
...
...##
###.#
..#
###


You could see an adder.

Vanquished Creatures
  An adder (D:2)
  3 dart slugs (D:1)
  A leopard gecko (D:1)
  An orc (D:2)
  A bat (D:2)
  4 goblins
  5 hobgoblins
  4 jackals (D:2)
  A quokka (D:2)
  A frilled lizard (D:1)
  6 kobolds
  5 rats
33 creatures vanquished.

Vanquished Creatures (others)
  A giant cockroach (D:3)
1 creature vanquished.

Grand Total: 34 creatures vanquished

Notes
Turn   | Place    | Note
-------+----------+-------------------------------------------
     0 | D:1      | IcyTea the Demonspawn Warper began the quest for the Orb.
     0 | D:1      | Reached XP level 1. HP: 16/16 MP: 3/3
    43 | D:1      | Reached skill level 2 in Maces & Flails
   551 | D:1      | Gained mutation: You have a pair of small antennae on your
                  | head. [demonic ancestry]
   551 | D:1      | Reached XP level 2. HP: 5/22 MP: 5/5
   566 | D:1      | Learned a level 2 spell: Blink
   569 | D:1      | Learned a level 2 spell: Shroud of Golubria
  1385 | D:1      | Reached skill level 3 in Maces & Flails
  1490 | D:2      | Gained mutation: You are immune to rotting. [demonic
                  | ancestry]
  1490 | D:2      | Reached XP level 3. HP: 27/27 MP: 6/6
  2428 | D:3      | HP: 1/27 [adder (1)]
  2429 | D:3      | Succumbed to an adder's poison

Illustrated notes

Levels and vault maps discovered:
D:1:      dpeg_arrival_stonehenge_8_columns, layout_basic,
          roderic_serpentine_path
D:2:      layout_basic
D:3:      layout_loops_ring, lemuel_flame_loot_1, uniq_ijyb

Skill      XL: |  1  2 |
---------------+-------+-----
Maces & Flails | 2 3 |  3.6
Fighting       | |  2.0
Throwing       | |  0.8
Armour         | |  0.8
Dodging        | |  1.7
Spellcasting   | |  2.0
Translocations | |  2.6

Action                   || total
-------------------------++-------
Melee: Mace              ||   116
  Use: Scroll            ||     2
  Eat: Chunk             ||     5
Armor: Leather armour    ||     5
       Scale mail        ||    34
Dodge: Dodged            ||    64
